AoeStats
← Mr.Robin

African Clearing

511017825Analyzed
4v4 RM · 8h ago on Oct 3, 2026· 32m 52s· 8 players
Game mode
Random Map
Map size
Large (8 player)
Population
200
Speed
Normal
Resources
Standard
Victory
Conquest
Starting age
Dark Age
Ending age
Imperial Age
RankedLock teamsTeams togetherTeam positionsShared explorationLock speedFull tech treeHidden civsTurbo modeCheats
Victory
Defeat
🇩🇪 Lithuanians · Germany
1558
+9
🇦🇺 Mapuche · Australia
1486
+12
🇨🇳 Huns · China
1477
+12
🇮🇹 Danes · Italy
1466
+12
🇨🇳 Maya · China
1558
-17
🇨🇳 Huns · China
1435
-13
1340
-9
🇦🇷 Vietnamese · Argentina
1220
-6
Radon Randell
5:42 Loom
12:57 Feudal Age
14:17 Double-Bit Axe
16:26 Wheelbarrow
18:38 Fletching
21:35 Castle Age
20:33 Padded Archer Armor
21:37 Crossbowman
22:14 Bodkin Arrow
24:41 Horse Collar
27:52 Leather Archer Armor
29:38 Medium Warships
Matzeking
12:13 Feudal Age
12:50 Loom
16:24 Castle Age
15:02 Double-Bit Axe
17:32 Horse Collar
18:43 Bow Saw
22:58 Wheelbarrow
22:10 Town Watch
23:05 Wheelbarrow
25:27 Stone Mining
25:28 Gold Mining
25:46 Scale Barding Armor
29:14 Chain Barding Armor
29:32 Hand Cart
32:06 Imperial Age
30:17 Hand Cart
30:26 Forging
32:22 Iron Casting
32:09 Husbandry
32:19 Bloodlines
32:44 Heavy Plow
33:34 Plate Barding Armor
33:37 Conscription
oaihoq
14:13 Feudal Age
17:52 Castle Age
15:41 Double-Bit Axe
15:56 Horse Collar
18:00 Fletching
18:52 Bow Saw
18:30 Loom
22:52 Bodkin Arrow
25:16 Ballistics
27:49 Padded Archer Armor
29:02 Bloodlines
30:00 Thumb Ring
32:59 Wheelbarrow
32:11 Town Watch
GdR(-)_Pier1204
4:40 Loom
13:29 Feudal Age
15:04 Double-Bit Axe
17:53 Castle Age
15:44 Double-Bit Axe
19:00 Bow Saw
19:03 Scale Mail Armor
21:44 Horse Collar
24:52 Squires
25:19 Arson
26:26 Chain Mail Armor
27:31 Wheelbarrow
27:51 Heavy Plow
28:32 Forging
30:54 Iron Casting
31:28 Gambesons
CYJ8564
5:52 Loom
15:55 Feudal Age
26:33 Castle Age
25:47 Fletching
27:05 Elite Skirmisher
28:21 Double-Bit Axe
小白妈妈
11:07 Loom
13:09 Feudal Age
14:32 Double-Bit Axe
14:48 Town Watch
17:36 Castle Age
16:18 Horse Collar
18:56 Wheelbarrow
19:42 Fletching
21:48 Padded Archer Armor
23:04 Bodkin Arrow
26:53 Bow Saw
27:50 Ballistics
Mr.Robin
13:11 Loom
14:59 Feudal Age
15:55 Double-Bit Axe
18:55 Castle Age
20:11 Bow Saw
20:28 Fletching
22:24 Bodkin Arrow
23:24 Padded Archer Armor
24:34 Husbandry
26:10 Ballistics
26:01 Horse Collar
29:35 Leather Archer Armor
30:01 Wheelbarrow
29:58 Bloodlines
33:29 Hand Cart
33:00 Town Watch
哭稀饭(2125613428)
4:40 Loom
12:36 Feudal Age
17:01 Castle Age
25:23 Fletching
25:59 Bodkin Arrow
28:29 Husbandry
30:23 Ballistics
Connection lost

Rejoining the realm…

Still unreachable

The connection could not be restored.

Session expired

The server has moved on; the page needs a fresh start.